 Dungeon Crawl Stone Soup version 0.29-a0-700-g2f1814c7b2 (webtiles) character file.

Game seed: 8054310926797346041

8003 avis the Fighter (level 10, -3/81 HPs)
             Began as a Demigod Ice Elementalist on June 24, 2022.
             Slain by an orc warrior
             ... wielding a +0 war axe
              (8 damage)
             ... on level 9 of the Dungeon on June 25, 2022.
             The game lasted 01:05:14 (9196 turns).

avis the Fighter (Demigod Ice Elementalist)         Turns: 9196, Time: 01:05:15

Health: -3/81      AC: 15    Str:  9    XL:     10   Next: 75%
Magic:  17/19      EV: 11    Int: 17    God:
Gold:   468        SH:  0    Dex: 26    Spells: 10/17 levels left

rFire   . . .      SeeInvis .   a - +4 great sword (freeze)
rCold   . . .      Faith    .   (shield currently unavailable)
rNeg    . . .      Spirit   .   S - +0 swamp dragon scales
rPois   +          Reflect  .   j - +2 helmet
rElec   .          Harm     .   z - +0 cloak
rCorr   +          Rampage  .   (no gloves)
Will    +....                   R - +0 pair of boots
Stlth   ++........              u - amulet of regeneration
HPRegen 1.03/turn               B - ring of resist corrosion
MPRegen 0.16/turn               (no ring)

@: ice-armoured
A: high MP 1, forlorn, divine attributes, frail 1, MP-powered wands
a: no special abilities


You were on level 9 of the Dungeon.
You visited 2 branches of the dungeon, and saw 10 of its levels.

You collected 468 gold pieces.

Inventory:

Hand Weapons
 a - a +4 great sword of freezing (weapon)
 b - a +1 shortbow of freezing
 c - a +2 great sword of electrocution
 k - a +2 hand axe
 m - a +3 war axe
 t - a +0 hunting sling of freezing
 w - the +11 mace of Beogh {drain, Str+3}
   (You found it on level 3 of the Dungeon)

   A truly terrible weapon, it drains the life of any living foe it strikes.
   Str:       It affects your strength (+3).
 y - a +0 mace of protection
 E - a +2 dagger of electrocution
 F - a +2 whip of holy wrath
 H - a +4 dagger
 I - a +5 spear of venom
Missiles
 A - 26 poisoned darts
Armour
 j - a +2 helmet (worn)
 o - a +1 robe of resistance
 z - a +0 cloak (worn)
 R - a +0 pair of boots (worn)
 S - +0 swamp dragon scales (worn)
Jewellery
 h - a +4 ring of evasion
 s - an amulet of reflection
 u - an amulet of regeneration (around neck)
 B - a ring of resist corrosion (left hand)
 D - a ring of fire
 G - a ring of flight
Wands
 x - a wand of charming (9)
 M - a wand of polymorph (6)
 X - a wand of acid (2)
Scrolls
 n - a scroll of fog {unknown}
 p - 3 scrolls of teleportation {unknown}
 q - 4 scrolls of fear
 C - a scroll of torment {unknown}
 J - 2 scrolls of noise {unknown}
 K - a scroll of identify
 N - a scroll of enchant weapon {unknown}
 T - a scroll of amnesia {unknown}
 U - 2 scrolls of enchant armour {unknown}
 V - a scroll of magic mapping {unknown}
Potions
 d - 2 potions of mutation
 e - a potion of invisibility {unknown}
 f - a potion of attraction {unknown}
 g - a potion of curing
 i - a potion of brilliance
 l - 4 potions of might
 r - a potion of magic
 v - a potion of lignification
 L - a potion of ambrosia {unknown}
 Y - 2 potions of berserk rage {unknown}


   Skills:
 + Level 8.7 Fighting
 - Level 8.0 Long Blades
 + Level 7.2 Bows
 - Level 2.0 Dodging
 - Level 2.0 Stealth
 - Level 4.0 Spellcasting
 - Level 7.0 Ice Magic


You had 10 spell levels left.
You knew the following spells:

 Your Spells              Type           Power      Damage    Failure   Level
a - Freeze                Ice            100%       1d11      2%          1
o - Ozocubu's Armour      Ice            27%        N/A       8%          3
r - Frozen Ramparts       Ice            54%        1d7       8%          3

Your spell library contained the following spells:

 Spells                   Type           Power      Damage    Failure   Level
 Necrotize                Necr           12%        1d4       41%         1
 Hailstorm                Conj/Ice       15%        3d5       71%         4
 Dazzling Flash           Conj/Hex       6%         N/A       78%         3
 Gell's Gravitas          Tloc           3%         N/A       78%         3
 Teleport Other           Tloc           3%         N/A       78%         3
 Vampiric Draining        Necr           3%         2d6       78%         3
 Agony                    Necr           3%         N/A       100%        5
 Silence                  Hex/Air        1%         N/A       100%        5
 Dispersal                Tloc           1%         N/A       100%        6


Dungeon Overview and Level Annotations

Branches:
Dungeon (9/15)             Temple (1/1) D:7
   Lair: D:8-11         Orc: D:9-12

Shops:
D:3 =   D:8 =


Innate Abilities, Weirdness & Mutations

You have an increased reservoir of magic. (+10% MP)
You shall have no god before yourself.
Your divine heritage dramatically boosts your attributes as you level up.
You are frail. (-10% HP)
You expend magic power (3 MP) to strengthen your wands.


Message History

The arrow hits the orc warrior but does no damage.
The orc warrior is heavily wounded.
The orc warrior hits you with a +0 war axe!
Shoot: b) +1 shortbow (freeze)
Press: ? - help, Q - select action, (/) - cycle Shift-Dir - straight line, f - orc priest
Aim: an orc priest, wielding a +0 whip (72% to hit)
You shoot an arrow.
The arrow completely misses the orc warrior.
The arrow barely misses the orc priest.
The arrow hits the orc!
The arrow freezes the orc.
You kill the orc!
The orc warrior hits you with a +0 war axe!
Shoot: b) +1 shortbow (freeze)
Press: ? - help, Q - select action, (/) - cycle Shift-Dir - straight line, f/p - orc priest
Aim: an orc priest, wielding a +0 whip (72% to hit)
You shoot an arrow.
The arrow hits the orc warrior but does no damage.
The orc warrior is heavily wounded.
The orc warrior barely misses you.
Shoot: b) +1 shortbow (freeze)
Press: ? - help, Q - select action, (/) - cycle Shift-Dir - straight line, f/p - orc priest
Aim: an orc priest, wielding a +0 whip (72% to hit)
You shoot an arrow.
The arrow closely misses the orc warrior.
The arrow hits the orc priest but does no damage.
The orc warrior closely misses you.
The orc priest invokes the aid of Beogh against you.
Beogh smites you!
The orc warrior hits you with a +0 war axe!
* * * LOW HITPOINT WARNING * * *
Okay, then.
Your +1 shortbow of freezing stops glowing.
Your +4 great sword of freezing glows with a cold blue light!
a - a +4 great sword of freezing (weapon)
You slash the orc warrior! You freeze the orc warrior.
The orc warrior is almost dead.
The orc warrior hits you with a +0 war axe!
* * * LOW HITPOINT WARNING * * *
The orc warrior hits you with a +0 war axe!
You die...

#.........................
..
#.........................
.
#..#..#.#...#..###.##.####
##################.##.###
#.........# #.........#
#.........+
########.........#
...).oo@....####.#
################.#######
#...............
###.....<.........
...............##..
#.###.#........#
#.#...#.#####+## #.#.###.#
#.#.#....


You could see an orc warrior and an orc priest.

Vanquished Creatures
  A centaur warrior (D:9)
  Pikel (D:5)
  Maggie (D:7)
  2 hornets
  3 dream sheep (D:7)
  Sigmund (D:2)
  12 yaks (D:9)
  A water moccasin (D:8)
  3 orc warriors
  An ice beast (D:5)
  2 black bears
  2 ogres
  A phantom (D:5)
  3 centaurs
  A gnoll sergeant (D:9)
  4 bullfrogs
  3 kobold brigands
  5 scorpions
  2 necrophages (D:6)
  16 wights
  4 killer bees (D:7)
  2 howler monkeys (D:7)
  2 hounds
  2 jellies
  Crazy Yiuf (D:3)
  2 gnoll shamans (D:7)
  2 iguanas
  8 orc wizards
  8 gnolls
  9 adders
  A shadow imp (D:6)
  3 worms
  3 dart slugs
  18 orcs
  7 bats
  6 endoplasms
  2 goblins (D:1)
  11 hobgoblins
  4 jackals (D:1)
  27 kobolds
  5 ball pythons
  6 frilled lizards
  9 rats
207 creatures vanquished.

Notes
Turn   | Place    | Note
-------+----------+-------------------------------------------
     0 | D:1      | avis the Demigod Ice Elementalist began the quest for the
                  | Orb.
     0 | D:1      | Reached XP level 1. HP: 14/14 MP: 5/5
    37 | D:1      | Reached skill level 1 in Fighting
   288 | D:1      | Reached XP level 2. HP: 23/23 MP: 5/7
   832 | D:1      | Reached XP level 3. HP: 29/29 MP: 8/8
  1465 | D:2      | Noticed Sigmund
  1471 | D:2      | Learned a level 3 spell: Ozocubu's Armour
  2132 | D:2      | Gained mutation: You are frail. (-10% HP) [potion of
                  | mutation]
  2132 | D:2      | Gained mutation: You expend magic power (3 MP) to
                  | strengthen your wands. [potion of mutation]
  2143 | D:2      | Killed Sigmund
  2144 | D:2      | Reached skill level 5 in Ice Magic
  2144 | D:2      | Reached XP level 4. HP: 33/34 MP: 2/9
  2144 | D:2      | Reached XP level 5. HP: 39/40 MP: 2/10
  2243 | D:3      | Found Tilihuhi's Jewellery Shoppe.
  2354 | D:3      | Noticed a black bear
  2368 | D:3      | Killed a black bear
  2369 | D:3      | Reached XP level 6. HP: 38/46 MP: 3/11
  2543 | D:3      | Identified the +1 scale mail of the Sky {Harm *Slow Int+2
                  | Dex+8}
  2645 | D:3      | Found a runed translucent door.
  2646 | D:3      | Noticed Crazy Yiuf
  2654 | D:3      | Killed Crazy Yiuf
  2664 | D:3      | Identified the +11 mace of Beogh {drain, Str+3}
  3143 | D:3      | Upgraded the game from 0.29-a0-668-g12ee2bf84d to
                  | 0.29-a0-676-ga64570c9d2
  3959 | D:5      | Entered Level 5 of the Dungeon
  3971 | D:4      | Reached skill level 5 in Fighting
  4083 | D:5      | Reached XP level 7. HP: 31/54 MP: 9/14
  4718 | D:5      | Noticed Pikel
  4729 | D:5      | Killed Pikel
  4730 | D:5      | Reached XP level 8. HP: 63/65 MP: 14/17
  5302 | D:6      | Reached skill level 1 in Long Blades
  5863 | D:6      | Reached XP level 9. HP: 72/72 MP: 18/18
  6294 | D:6      | Learned a level 3 spell: Frozen Ramparts
  6504 | D:7      | Reached skill level 1 in Bows
  6509 | D:7      | Reached skill level 5 in Long Blades
  6714 | D:7      | Noticed Maggie
  6724 | D:7      | Killed Maggie
  7243 | D:7      | Reached skill level 5 in Bows
  7292 | D:7      | Found a staircase to the Ecumenical Temple.
  7303 | Temple   | Entered the Ecumenical Temple
  7729 | D:8      | Reached XP level 10. HP: 22/79 MP: 17/19
  8249 | D:8      | Found Jiergh's Jewellery Shoppe.
  8286 | D:8      | Upgraded the game from 0.29-a0-676-ga64570c9d2 to
                  | 0.29-a0-700-g2f1814c7b2
  8575 | D:9      | Noticed a centaur warrior
  8588 | D:9      | Killed a centaur warrior
  9009 | D:9      | HP: 4/121 [yak (6)]
  9196 | D:9      | Slain by an orc warrior

Illustrated notes

Levels and vault maps discovered:
D:1:      minmay_arrival_four_loops, layout_loops_ring
D:2:      layout_basic, feat_on_display, uniq_sigmund
D:3:      layout_rooms, mainiacjoe_overflow_boulevard, serial_shops,
          nicolae_shop_competitors_out_of_business,
          hellmonk_ecumenical_altar_blasted, grunt_ministairs_10,
          uniq_crazy_yiuf_cottage
D:4:      layout_loops_cross, okawaru_ov_weapons_minmay
D:5:      layout_loops_ring, uniq_pikel
D:6:      layout_layer_cave, kennysheep_mini
D:7:      layout_basic, minmay_temple_entry_antechambers,
          dreamdust_gnoll_shepherd, uniq_maggie
D:8:      layout_rooms, serial_shops, nicolae_shop_behind_doors
D:9:      layout_gridville, mainiacjoe_overflow_large_starburst, st_stairs_14
Temple:   bh_familiar_temple

Skill      XL: |  1  2  3  4  5  6  7  8  9 10 |
---------------+-------------------------------+-----
Fighting       | 1 2 3 4 5 7 8 |  8.7
Ice Magic      | 4 5 6 7 |  7.0
Spellcasting   | 2 4 |  4.0
Stealth        | 2 |  2.0
Dodging        | 2 |  2.0
Long Blades    | 3 6 8 |  8.0
Bows           | 5 7 |  7.2

Action                   |  1- 3 |  4- 6 |  7- 9 | 10-12 || total
-------------------------+-------+-------+-------+-------++-------
Melee: Short sword       |    36 |    16 |       |       ||    52
       Mace              |       |    57 |    70 |       ||   127
       Punch             |       |       |     1 |       ||     1
       Great sword       |       |       |   143 |    66 ||   209
 Fire: Shortbow          |       |       |    34 |    74 ||   108
 Cast: Freeze            |    48 |    15 |       |       ||    63
       Ozocubu's Armour  |       |    11 |    30 |    10 ||    51
Evoke: Wand              |       |       |       |     4 ||     4
  Use: Potion            |     5 |       |     1 |     5 ||    11
       Scroll            |       |     1 |     3 |       ||     4
 Stab: Sleeping          |     6 |     7 |     3 |       ||    16
Armor: Robe              |    14 |    26 |    94 |       ||   134
       Swamp dragon scal |       |       |    42 |    66 ||   108
       Skin              |       |       |       |    17 ||    17
Dodge: Dodged            |    30 |    47 |   174 |    95 ||   346

Table legend: (Time is in decaauts)
 A = Elapsed time spent in this place.
 B = Non-inter-level travel time spent in this place.
 C = Inter-level travel time spent in this place.
 D = Time resting spent in this place.
 E = Time spent auto-exploring this place.
 F = Levels seen in this place.
 G = Mean time per level.
                   A        B        C        D        E       F      G
               +--------+--------+--------+--------+--------+-----+--------+
         Total |   9364 |   8516 |    848 |   1528 |   4748 |  10 |  936.4 |
       Dungeon |   9337 |   8489 |    848 |   1528 |   4748 |   9 | 1037.4 |
        Temple |     27 |     27 |      0 |      0 |      0 |   1 |   27.0 |
               +--------+--------+--------+--------+--------+-----+--------+

Top non-repeatable levels by time:
     D:6: 1360 daAuts
     D:7: 1226 daAuts
     D:1: 1220 daAuts
     D:2: 1062 daAuts
     D:4: 972 daAuts
     D:3: 970 daAuts
     D:5: 948 daAuts
     D:9: 890 daAuts
     D:8: 686 daAuts
  Temple: 27 daAuts
